 Dungeon Crawl Stone Soup version 0.22.0-49-gab54619674 (webtiles) character file.

5572 JedernureinKreuz the Destroyer (level 10, -4/74 HPs)
             Began as a Gnoll Conjurer on Sept 8, 2018.
             Was an Initiate of Sif Muna.
             Killed from afar by a starcursed mass (5 damage)
             ... with an accursed screaming
             ... on level 2 of the Abyss.
             The game lasted 01:18:40 (9105 turns).

JedernureinKreuz the Destroyer (Gnoll Conjurer)     Turns: 9105, Time: 01:18:40

Health: -4/74      AC:  7    Str: 11    XL:     10   Next: 72%
Magic:  0/21       EV: 16    Int: 20    God:    Sif Muna [......]
Gold:   540        SH:  5    Dex: 16    Spells: 16/24 levels left

rFire    . . .     SeeInvis .   a - +4 short sword (distort)
rCold    . . .     Gourm    .   S - +0 buckler
rNeg     . . .     Faith    .   E - +0 leather armour
rPois    .         Spirit   +   D - +1 helmet
rElec    .         Reflect  .   F - +0 cloak
rCorr    .         Harm     .   (no gloves)
MR       .....                  (no boots)
Stlth    ++........             y - amulet of guardian spirit
HPRegen  0.22/turn              e - ring of wizardry
MPRegen  0.17/turn              (no ring)

@: very slightly contaminated, very slow
A: distributed training, fangs 1, strong nose
a: Renounce Religion


You were on level 2 of the Abyss.
You worshipped Sif Muna.
Sif Muna was noncommittal.
You were not hungry.

You visited 3 branches of the dungeon, and saw 10 of its levels.
You visited the Abyss 1 time.
You also visited: Sewer.

You collected 540 gold pieces.

Inventory:

Hand Weapons
 a - a +4 short sword of distortion (weapon)
 b - a +3 blowgun
 H - a +2 hunting sling of flaming
 I - a +0 quarterstaff
 K - a +0 falchion
 L - a +0 shortbow
 N - a cursed +4 spear
 P - a +3 scimitar
 Q - a +0 dagger of draining
 V - a +1 hand crossbow
 W - a +1 dagger of venom
Missiles
 d - 20 poisoned needles
 g - 164 arrows
 o - 202 stones (quivered)
 w - 56 bolts
 A - 8 curare-tipped needles
Armour
 k - a +0 robe
 D - a +1 helmet (worn)
 E - a +0 leather armour (worn)
 F - a +0 cloak (worn)
 S - a +0 buckler (worn)
Jewellery
 e - a ring of wizardry (left hand)
 j - an uncursed amulet of faith
 y - an amulet of guardian spirit (around neck)
 O - a +6 ring of dexterity {unknown}
 U - an uncursed ring of wizardry
Wands
 v - a wand of enslavement (15)
 x - a wand of random effects (23)
 G - a wand of flame (18)
Scrolls
 h - 7 scrolls of remove curse
 i - 7 scrolls of identify
 q - 5 scrolls of magic mapping
 M - 3 scrolls of teleportation {unknown}
 R - 2 scrolls of fog
 T - a scroll of random uselessness {unknown}
Potions
 l - 3 potions of berserk rage
 n - 2 potions of magic
 r - a potion of lignification {unknown}
 t - a potion of might
 u - a potion of brilliance {unknown}
 B - 3 potions of agility {unknown}
 J - 2 potions of curing {unknown}
Comestibles
 c - 9 rations


   Skills:
 + Level 5.4 Fighting
 + Level 5.4 Short Blades
 + Level 5.4 Long Blades
 + Level 5.4 Axes
 + Level 5.4 Maces & Flails
 + Level 5.4 Polearms
 + Level 5.4 Staves
 + Level 5.4 Slings
 + Level 5.4 Bows
 + Level 5.4 Crossbows
 + Level 5.4 Throwing
 + Level 5.4 Armour
 + Level 7.2 Dodging
 + Level 6.9 Stealth
 + Level 5.4 Shields
 + Level 5.4 Unarmed Combat
 + Level 7.5 Spellcasting
 + Level 8.5 Conjurations
 + Level 4.5 Hexes
 + Level 4.5 Charms
 + Level 4.5 Summonings
 + Level 4.5 Necromancy
 + Level 4.5 Translocations
 + Level 4.5 Transmutations
 + Level 4.5 Fire Magic
 + Level 4.5 Ice Magic
 + Level 4.5 Air Magic
 + Level 4.5 Earth Magic
 + Level 4.5 Poison Magic
 + Level 6.0 Invocations
 + Level 5.4 Evocations


You had 16 spell levels left.
You knew the following spells:

 Your Spells              Type           Power        Failure   Level  Hunger
a - Magic Dart            Conj           ####         1%          1    None
b - Iskenderun's Mystic   Conj           #####...     1%          4    ###....
c - Dazzling Spray        Conj/Hex       ####..       1%          3    None

Your spell library contained the following spells:

 Spells                   Type           Power        Failure   Level  Hunger
 Searing Ray              Conj           #####.       1%          2    None
 Force Lance              Conj/Tloc      ####....     3%          4    ###....
 Fulminant Prism          Conj/Hex       ####......   3%          4    ###....


Dungeon Overview and Level Annotations

Branches:
Dungeon (8/15)             Temple (1/1) D:7            Lair (1/6) D:8

Altars:
Ashenzari
Dithmenos
Fedhas
Gozag
Hepliaklqana
Kikubaaqudgha
Makhleb
Nemelex Xobeh
Okawaru
Ru
Sif Muna
Trog
Uskayaw
Vehumet
Wu Jian
Xom
Yredelemnul
Zin


Innate Abilities, Weirdness & Mutations

Your experience applies equally to all skills.
You have very sharp teeth.
Your uncanny sense of smell can sniff out nearby items.


Message History

A chorus of shrieks assaults your mind.
* * * LOW HITPOINT WARNING * * *
A starcursed mass splits.
There is a corrupted altar of Lugonu here.
A chorus of shrieks assaults your mind.
* * * LOW HITPOINT WARNING * * *
A chorus of shrieks assaults your mind.
* * * LOW HITPOINT WARNING * * *
As you read the scroll of fear, it crumbles to dust.
You assume a fearsome visage.
The starcursed mass is unaffected. x5
The starcursed mass engulfs you.
* * * LOW HITPOINT WARNING * * *
Blink to where?
Press: ? - help, Dir - move target cursor You are very lightly contaminated with residual magic.
As you read the scroll of blinking, it crumbles to dust.
You enter the shallow water.
Moving in this stuff is going to be slow.
A chorus of shrieks assaults your mind.
You die...

# #.. .. ##. #
.##.# .# #..
##[#.... .#
###..... ... . .
#§#..#. ##... #≈
#X#..#..#...
#≈##XXX....# .#
...##♣..##..
#.##.# ..
#..≈≈@##X..X.
X... ..#
#.#.≈.≈≈#.###X##
##..X. #.#≈#≈.#
... X..X


XXX# ##.♣..######.### # .# ## ... # #.# .### # #.. . . #. # # ## #.. ### You
could see 2 starcursed masses.

Vanquished Creatures
  A two-headed ogre (D:6)
  Sonja (Lair:1)
  A raiju (Abyss:2)
  6 yaks
  A hungry ghost (D:7)
  A chaos spawn (Abyss:2)
  A large abomination (Abyss:2)
  A porcupine (Lair:1)
  An ice beast (D:5)
  3 sky beasts
  3 phantoms
  3 centaurs
  6 ogres
  2 bullfrogs (D:6)
  A scorpion (D:5)
  4 howler monkeys
  4 wights (D:7)
  A crimson imp (D:4)
  2 jellies
  2 centaur skeletons
  3 hounds
  2 orc priests
  5 iguanas
  A bullfrog skeleton (D:5)
  6 orc wizards
  5 worker ants
  3 gnolls (D:3)
  8 adders
  4 shadow imps
  An adder skeleton (D:4)
  3 worms
  3 dart slugs
  11 leopard geckos
  23 orcs
  8 giant cockroaches
  3 goblins
  8 hobgoblins
  8 jackals
  10 kobolds
  5 quokkas
  3 ball pythons
  6 bats
  2 frilled lizards
  8 rats
184 creatures vanquished.

Vanquished Creatures (others)
  A small abomination (Abyss:2)
  A plant (D:5)
2 creatures vanquished.

Grand Total: 186 creatures vanquished

Notes
Turn   | Place    | Note
-------+----------+-------------------------------------------
     0 | D:1      | JedernureinKreuz the Gnoll Conjurer began the quest for the
                  | Orb.
     0 | D:1      | Reached XP level 1. HP: 13/13 MP: 6/6
   235 | D:1      | Reached XP level 2. HP: 15/19 MP: 4/7
   627 | D:2      | Reached XP level 3. HP: 19/25 MP: 1/9
   725 | D:2      | Reached skill level 5 in Spellcasting
   759 | D:2      | Reached skill level 1 in Invocations
   777 | D:2      | Reached skill level 1 in Fighting
   777 | D:2      | Reached skill level 1 in Short Blades
   777 | D:2      | Reached skill level 1 in Long Blades
   777 | D:2      | Reached skill level 1 in Axes
   777 | D:2      | Reached skill level 1 in Maces & Flails
   777 | D:2      | Reached skill level 1 in Polearms
   777 | D:2      | Reached skill level 1 in Staves
   777 | D:2      | Reached skill level 1 in Slings
   777 | D:2      | Reached skill level 1 in Bows
   777 | D:2      | Reached skill level 1 in Crossbows
   777 | D:2      | Reached skill level 1 in Throwing
   777 | D:2      | Reached skill level 1 in Armour
   777 | D:2      | Reached skill level 1 in Shields
   777 | D:2      | Reached skill level 1 in Unarmed Combat
   777 | D:2      | Reached skill level 1 in Evocations
   859 | D:2      | Reached XP level 4. HP: 32/32 MP: 11/11
  1354 | D:3      | Reached skill level 1 in Hexes
  1354 | D:3      | Reached skill level 1 in Charms
  1354 | D:3      | Reached skill level 1 in Summonings
  1354 | D:3      | Reached skill level 1 in Necromancy
  1354 | D:3      | Reached skill level 1 in Translocations
  1354 | D:3      | Reached skill level 1 in Transmutations
  1354 | D:3      | Reached skill level 1 in Fire Magic
  1354 | D:3      | Reached skill level 1 in Ice Magic
  1354 | D:3      | Reached skill level 1 in Air Magic
  1354 | D:3      | Reached skill level 1 in Earth Magic
  1354 | D:3      | Reached skill level 1 in Poison Magic
  1579 | D:3      | Found a glowing drain.
  1628 | D:3      | Reached XP level 5. HP: 20/37 MP: 9/12
  1766 | Sewer    | Entered a sewer
  1782 | Sewer    | Noticed a big kobold
  1819 | D:3      | Found a faded altar of an unknown god.
  2114 | D:3      | Found an iron altar of Okawaru.
  2232 | D:4      | Noticed an ogre
  2240 | D:4      | Killed an ogre
  2240 | D:4      | Reached XP level 6. HP: 44/44 MP: 9/13
  2425 | D:4      | Reached skill level 5 in Dodging
  2835 | D:4      | Found a glowing silver altar of Zin.
  3263 | D:5      | Entered Level 5 of the Dungeon
  3374 | D:4      | Reached XP level 7. HP: 13/50 MP: 1/15
  3826 | D:5      | Learned a level 4 spell: Iskenderun's Mystic Blast
  3830 | D:5      | Learned a level 3 spell: Dazzling Spray
  4003 | D:5      | Reached skill level 5 in Stealth
  4090 | D:5      | Reached XP level 8. HP: 40/57 MP: 9/16
  5204 | D:6      | Found a sacrificial altar of Ru.
  5479 | D:6      | Reached XP level 9. HP: 65/65 MP: 12/18
  6019 | D:7      | Noticed a two-headed ogre
  6031 | D:6      | Killed a two-headed ogre
  6031 | D:6      | Reached skill level 8 in Conjurations
  6094 | D:6      | HP: 1/65 [something (4)]
  6483 | D:7      | Reached skill level 5 in Invocations
  6527 | D:7      | Found a shattered altar of Ashenzari.
  6665 | D:7      | Reached XP level 10. HP: 73/73 MP: 16/20
  6833 | D:7      | Found a staircase to the Ecumenical Temple.
  6867 | Temple   | Entered the Ecumenical Temple
  6988 | Temple   | Became a worshipper of Sif Muna the Loreminder
  7300 | D:7      | Got a brightly glowing robe
  7301 | D:7      | Identified the cursed +1 robe "Qawk" {Dex+3} (You found it
                  | on level 7 of the Dungeon)
  7367 | D:8      | Found a staircase to the Lair.
  7512 | D:8      | Found a hide-covered altar of Uskayaw.
  7512 | D:8      | Noticed a hand axe
  7512 | D:8      | Noticed a hand axe
  8035 | Lair:1   | Entered Level 1 of the Lair of Beasts
  8079 | D:8      | Reached skill level 5 in Fighting
  8079 | D:8      | Reached skill level 5 in Short Blades
  8079 | D:8      | Reached skill level 5 in Long Blades
  8079 | D:8      | Reached skill level 5 in Axes
  8079 | D:8      | Reached skill level 5 in Maces & Flails
  8079 | D:8      | Reached skill level 5 in Polearms
  8079 | D:8      | Reached skill level 5 in Staves
  8079 | D:8      | Reached skill level 5 in Slings
  8079 | D:8      | Reached skill level 5 in Bows
  8079 | D:8      | Reached skill level 5 in Crossbows
  8079 | D:8      | Reached skill level 5 in Throwing
  8079 | D:8      | Reached skill level 5 in Armour
  8079 | D:8      | Reached skill level 5 in Shields
  8079 | D:8      | Reached skill level 5 in Unarmed Combat
  8079 | D:8      | Reached skill level 5 in Evocations
  8752 | Lair:1   | Noticed Sonja
  8854 | Lair:1   | Killed Sonja
  8864 | Lair:1   | Cast into level 2 of the Abyss (a distortion unwield)
  8970 | Abyss:2  | Noticed an angel
  8976 | Abyss:2  | Found a corrupted altar of Lugonu.
  9036 | Abyss:2  | Found a corrupted altar of Lugonu.
  9083 | Abyss:2  | Noticed a starcursed mass
  9101 | Abyss:2  | HP: 2/74 [starcursed mass/accursed screaming (7)]
  9105 | Abyss:2  | Killed from afar by a starcursed mass

Skill      XL: |  1  2  3  4  5  6  7  8  9 10 |
---------------+-------------------------------+-----
Spellcasting   | 5 6 7 |  7.5
Invocations    | 1 2 3 4 5 6 |  6.0
Fighting       | 1 2 3 4 5 |  5.4
Short Blades   | 1 2 3 4 5 |  5.4
Long Blades    | 1 2 3 4 5 |  5.4
Axes           | 1 2 3 4 5 |  5.4
Maces & Flails | 1 2 3 4 5 |  5.4
Polearms       | 1 2 3 4 5 |  5.4
Staves         | 1 2 3 4 5 |  5.4
Slings         | 1 2 3 4 5 |  5.4
Bows           | 1 2 3 4 5 |  5.4
Crossbows      | 1 2 3 4 5 |  5.4
Throwing       | 1 2 3 4 5 |  5.4
Armour         | 1 2 3 4 5 |  5.4
Shields        | 1 2 3 4 5 |  5.4
Unarmed Combat | 1 2 3 4 5 |  5.4
Evocations     | 1 2 3 4 5 |  5.4
Hexes          | 1 2 3 4 |  4.5
Charms         | 1 2 3 4 |  4.5
Summonings     | 1 2 3 4 |  4.5
Necromancy     | 1 2 3 4 |  4.5
Translocations | 1 2 3 4 |  4.5
Transmutations | 1 2 3 4 |  4.5
Fire Magic     | 1 2 3 4 |  4.5
Ice Magic      | 1 2 3 4 |  4.5
Air Magic      | 1 2 3 4 |  4.5
Earth Magic    | 1 2 3 4 |  4.5
Poison Magic   | 1 2 3 4 |  4.5
Dodging        | 5 6 7 |  7.2
Stealth        | 5 6 |  6.9
Conjurations   | 8 |  8.5

Action                   |  1- 3 |  4- 6 |  7- 9 | 10-12 || total
-------------------------+-------+-------+-------+-------++-------
Melee: Hand axe          |    14 |    26 |    51 |       ||    91
       Bite              |     1 |     4 |    10 |    19 ||    34
       Dagger            |       |       |    88 |    92 ||   180
       Punch             |       |       |     4 |     1 ||     5
       Short sword       |       |       |       |    19 ||    19
 Fire: Hunting sling     |    25 |   102 |    89 |       ||   216
       Hand crossbow     |       |       |    29 |    50 ||    79
       Blowgun           |       |       |       |     2 ||     2
Throw: Stone             |       |     8 |       |     2 ||    10
 Cast: Magic Dart        |    29 |    66 |    82 |    26 ||   203
       Dazzling Spray    |       |       |    21 |     6 ||    27
       Iskenderun's Myst |       |       |    16 |    14 ||    30
Evoke: Wand              |       |       |       |     1 ||     1
  Use: Scroll            |       |       |    15 |     3 ||    18
       Potion            |       |       |     1 |       ||     1
 Stab: Invisible         |       |       |     5 |     2 ||     7
       Sleeping          |       |       |       |     2 ||     2
  Eat: Chunk             |       |     6 |     6 |     8 ||    20
       Ration            |       |     1 |     2 |     1 ||     4
Armor: Robe              |     4 |     7 |       |       ||    11
       Leather armour    |       |     1 |    49 |    13 ||    63
Dodge: Dodged            |    20 |    62 |   158 |    76 ||   316
Block: Buckler           |       |       |       |    10 ||    10
